Map: Triton LE

Players

pHARM - Winner!

  • Race: Terran Terran
  • League: Platinum
  • Spawn Location: 11:00

Dylan

  • Race: Zerg Zerg
  • League: Bronze
  • Spawn Location: 5:00

VOD

Have the link to the VOD?

Description

Time

  • Played on: Aug. 29, 2019, 7:05 p.m.
  • Length: 17:35
Show
View Real Time Build Order
Export as new Build Order

pHARM Terran - Winner!

Build Orders: Mech 

Get SALT Encoding   

  12  0:01  SCV  
  13  0:13  SCV  
  14  0:17  Supply Depot  
  14  0:25  SCV  
  15  0:39  SCV  
  15  0:40  Barracks  
  16  0:51  SCV  
  16  0:54  Refinery  
  17  1:03  SCV  
  18  1:15  SCV  
  19  1:27  Supply Depot  
  19  1:31  Orbital Command  
  19  1:32  Marine  
  20  1:51  Marine  
  21  2:03  Bunker  
  21  2:06  SCV  
  22  2:08  Marine  
  22  2:26  Marine  
  23  2:35  Factory  
  23  2:40  Command Center  
  23  2:57  Barracks Tech Lab  
  23  3:00  SCV  
  24  3:13  SCV  
  25  3:25  SCV  
  26  3:29  Siege Tank  
  29  3:37  SCV  
  29  3:39  Supply Depot  
  30  3:49  SCV  
  31  3:55  Refinery  
  31  3:57  Engineering Bay  
  31  4:01  SCV  
  25  4:23  Siege Tank  
  28  4:32  SCV  
  28  4:33  Marine  
  30  4:47  Factory  
  30  4:51  Factory  
  30  5:07  Siege Tank  
  30  5:13  Orbital Command  
  33  5:15  SCV  
  34  5:27  SCV  
  35  5:40  SCV  
  36  5:48  SCV  
  37  5:50  Factory Tech Lab x2  
  37  5:52  SCV  
  38  6:00  SCV  
  38  6:04  SCV  
  40  6:12  SCV  
  40  6:16  SCV  
  40  6:17  Command Center  
  42  6:24  SCV  
  43  6:28  SCV  
  43  6:30  Supply Depot  
  44  6:34  Supply Depot  
  44  6:36  SCV  
  45  6:40  SCV  
  46  6:48  SCV  
  46  6:49  Siege Tank  
  50  6:54  Armory  
  50  6:57  Missile Turret  
  50  7:01  Missile Turret  
  50  7:06  SCV x2  
  52  7:09  Infernal Pre-Igniter  
  52  7:18  SCV x2  
  52  7:22  Factory  
  54  7:25  Factory  
  54  7:29  Refinery  
  54  7:30  SCV x2, Refinery  
  56  7:54  Command Center  
  56  8:00  SCV x2  
  56  8:05  Orbital Command  
  58  8:11  Thor x2  
  58  8:12  SCV x2, Factory Reactor  
  72  8:26  SCV x2  
  74  8:31  Factory Reactor  
  74  8:36  Thor  
  74  8:38  SCV x2  
  82  8:49  Terran Vehicle Weapons Level 1  
  82  8:56  SCV x3  
  85  9:06  Hellbat x4  
  85  9:08  SCV x3, Refinery  
  96  9:11  Supply Depot  
  96  9:12  Supply Depot  
  96  9:13  Supply Depot  
  96  9:14  SCV  
  97  9:19  Hellbat  
  97  9:20  SCV, Supply Depot  
  97  9:21  Supply Depot  
  100  9:32  Thor  
  100  9:33  SCV x2  
  100  9:34  Hellbat  
  110  9:47  Hellbat  
  110  9:48  Hellbat x2, Thor x2  
  126  9:59  SCV x4  
  109  10:11  SCV x2  
  109  10:12  SCV  
  112  10:22  Thor  
  112  10:23  Command Center, SCV, Hellbat  
  112  10:24  Hellbat x2  
  125  10:33  Missile Turret  
  125  10:35  Missile Turret  
  125  10:36  Missile Turret  
  125  10:42  Supply Depot  
  125  10:43  SCV x2  
  125  10:46  Supply Depot, Hellbat  
  125  10:49  Hellbat  
  123  10:52  SCV  
  123  10:55  SCV x2  
  119  11:04  SCV  
  119  11:06  Supply Depot, Thor x2  
  119  11:07  SCV x2  
  134  11:16  SCV  
  135  11:19  SCV x2  
  137  11:33  Refinery  
  136  11:56  Missile Turret  
  136  11:58  SCV x3  
  139  12:10  SCV x2  
  141  12:19  Supply Depot  
  141  12:22  Hellbat x2  
  147  12:23  Hellbat  
  147  12:24  Supply Depot  
  147  12:29  Thor  
  153  12:30  Thor x2  
  153  12:32  SCV x3  
  168  12:37  Orbital Command  
  168  12:43  Supply Depot  
  168  12:44  SCV x2  
  168  13:10  Hellbat  
  168  13:11  Hellbat x3  
  158  13:12  Hellbat, Thor  
  158  13:13  Thor  
  170  13:28  Command Center  
  170  13:33  Thor  
  174  13:48  Factory  
  174  13:55  Thor  
  180  14:07  Thor  
  186  14:14  SCV x3  
  186  14:16  Thor  
  195  14:26  SCV x2  
  197  14:36  Missile Turret  
  197  14:39  Missile Turret  
  197  14:40  SCV, Missile Turret  
  198  14:50  Planetary Fortress, Missile Turret  
  198  14:51  Missile Turret  
  192  15:09  Thor x2  
  192  15:12  Missile Turret  
  192  15:13  Missile Turret  
  200  15:18  Missile Turret  
  200  15:20  Missile Turret x2  
  200  15:33  Refinery  
  200  15:34  Refinery  
  177  16:37  Command Center  
  177  16:40  Thor  
  177  16:41  Command Center, Thor x2  
  177  16:45  Hellion x2  
  195  17:17  Armory  
Show
View Real Time Build Order
Export as new Build Order

Dylan Zerg 

Build Orders: 1 Base Baneling Bust, Pool First 

Get SALT Encoding   

  12  0:03  Drone  
  13  0:08  Drone  
  14  0:27  Spawning Pool  
  13  0:30  Drone  
  13  0:34  Extractor  
  13  0:36  Drone  
  14  0:44  Overlord  
  14  1:03  Drone x2  
  16  1:04  Drone  
  17  1:16  Queen  
  17  1:17  Drone  
  20  1:28  Zergling x2  
  21  1:35  Metabolic Boost  
  21  1:42  Zergling x2  
  21  1:47  Overlord  
  22  1:59  Baneling Nest  
  22  2:00  Zergling x2  
  22  2:10  Zergling x2  
  23  2:26  Zergling x8  
  27  2:39  Zergling x2  
  28  2:45  Overlord, Hatchery  
  27  3:00  Zergling x6  
  27  3:04  Zergling x2  
  31  3:11  Baneling x6  
  31  3:14  Zergling x2  
  32  3:21  Zergling x2  
  33  3:29  Zergling x4  
  33  3:31  Zergling x2  
  26  4:21  Drone x3  
  28  4:38  Drone  
  29  4:39  Drone x4  
  29  4:40  Drone x2  
  35  5:02  Drone x2  
  35  5:05  Drone x3  
  35  5:06  Drone x2  
  42  5:08  Lair  
  42  5:11  Extractor  
  41  5:16  Queen  
  41  5:19  Overlord x2  
  39  5:34  Drone  
  40  5:41  Drone x2  
  40  5:42  Drone  
  43  6:03  Extractor  
  42  6:04  Drone x2  
  42  6:05  Drone  
  42  6:06  Extractor  
  44  6:18  Spire  
  44  6:20  Zergling x10  
  44  6:21  Zergling x2  
  49  6:30  Drone x3  
  49  6:31  Drone  
  53  6:35  Drone  
  54  6:48  Drone x2  
  56  7:08  Infestation Pit, Zergling x2  
  56  7:09  Zergling x6  
  59  7:18  Drone  
  59  7:19  Overlord x2  
  59  7:20  Overlord  
  60  7:23  Overseer  
  60  7:25  Overseer  
  60  7:26  Overseer  
  60  7:34  Zerg Flyer Weapons Level 1  
  60  7:48  Mutalisk x5  
  60  7:49  Mutalisk  
  72  7:52  Mutalisk x3  
  78  8:10  Mutalisk x2  
  82  8:17  Mutalisk  
  84  8:20  Overlord  
  84  8:42  Mutalisk  
  84  8:43  Mutalisk x2  
  90  9:06  Mutalisk  
  92  9:10  Overlord x2  
  92  9:12  Hatchery  
  91  9:22  Hatchery  
  90  9:28  Zerg Flyer Armor Level 1  
  88  10:23  Zergling x10  
  88  10:24  Zergling x6  
  88  10:26  Mutalisk x3  
  88  10:27  Mutalisk x5  
  112  10:33  Queen, Drone  
  95  11:07  Zergling x8  
  95  11:08  Zergling x4  
  95  11:10  Zergling x2  
  95  11:11  Zergling x10  
  107  11:18  Evolution Chamber  
  107  11:20  Hive  
  107  11:21  Evolution Chamber  
  105  11:29  Drone x3  
  108  11:35  Zergling x4  
  108  11:38  Zergling x6  
  113  11:52  Zergling x2  
  114  12:03  Drone x2  
  114  12:04  Drone x3  
  119  12:10  Zerg Melee Weapons Level 1  
  119  12:11  Zerg Ground Armor Level 1  
  119  12:14  Drone  
  120  12:22  Overlord x3  
  120  12:39  Queen  
  88  13:30  Zergling x8  
  88  13:31  Zergling x2  
  75  14:04  Zergling x6  
  75  14:05  Zergling x6  
  81  14:10  Ultralisk Cavern  
  81  14:11  Adrenal Glands  
  81  14:13  Zerg Ground Armor Level 2  
  80  14:18  Drone x3  
  83  14:28  Extractor  
  83  14:31  Zergling x12, Extractor  
  84  14:32  Zergling x2  
  87  14:39  Zergling x4  
  87  14:40  Zergling x4  
  87  14:44  Zergling x10  
  96  14:48  Zergling x6  
  96  14:51  Zergling x4  
  96  14:52  Zergling x8  
  71  15:14  Zergling x2  
  78  15:25  Ultralisk  
  78  15:26  Ultralisk x2  
  75  15:30  Anabolic Synthesis  
  71  15:39  Ultralisk  
  71  15:40  Ultralisk x3  
  80  15:56  Hatchery x2  
  78  15:58  Hatchery x2  
  76  16:04  Zergling x6  
  79  16:12  Chitinous Plating  
  44  16:31  Ultralisk x3  
  44  16:32  Zergling x10  
  41  16:42  Hatchery  
  40  16:47  Zergling x2  
  41  16:54  Spawning Pool  
  41  16:57  Zergling x2  
  41  17:11  Drone  
Tags
 
Composition
Mech
Matchup
TvZ
Replay Pack
10.7.19
Spawn Locations
Cross Positions
Add a new tag
Caveats
  • Supply blocks, unpowered buildings, or Contaminate may cause inaccurate times.
  • Supply counts are checked every 10 seconds.